 Dungeon Crawl Stone Soup version 0.25-a0-424-g80bd347ae0 (webtiles) character file.

Game seed: 13400562351001618634, levelgen mode: deterministic

3321 Nattfarinn the Summoner (level 9, 0/118 HPs)
             Began as a Red Draconian Summoner on Jan 23, 2020.
             Was a Follower of Yredelemnul.
             Slain by a death yak (9 damage)
             ... on level 7 of the Dungeon.
             The game lasted 00:34:35 (12990 turns).

Nattfarinn the Summoner (Red Draconian Summoner)   Turns: 12990, Time: 00:34:35

Health: 0/118      AC:  2    Str: 17    XL:     9   Next: 71%
Magic:  0/12       EV: 21    Int: 19    God:    Yredelemnul [*.....]
Gold:   339        SH:  0    Dex: 17    Spells: 3/12 levels left

rFire    . . .     SeeInvis .   (weapon currently unavailable)
rCold    . . .     Gourm    .   (shield currently unavailable)
rNeg     . . .     Faith    .   (armour unavailable)
rPois    x         Spirit   +   (helmet currently unavailable)
rElec    .         Reflect  .   (cloak currently unavailable)
rCorr    .         Harm     .   (gloves currently unavailable)
MR       +....                  (boots currently unavailable)
Stlth    ..........             u - amulet of guardian spirit
HPRegen  0.29/turn              (no ring)
MPRegen  0.13/turn              (no ring)

@: berserking, spider-form (expiring), very quick
A: tiny, (breathe fire), unfitting armour, magic resistance 1, strong 1, AC +7
a: End Transformation, Animate Remains, Renounce Religion


You were on level 7 of the Dungeon.
You worshipped Yredelemnul.
Yredelemnul was aware of your devotion.
You were not hungry.
You were a venomous arachnid creature.
You visited 2 branches of the dungeon, and saw 9 of its levels.

You collected 339 gold pieces.

Inventory:

Hand Weapons
 d - a +0 short sword
 e - a +2 halberd of venom
 l - a +2 vampiric dagger
 q - a +1 dagger of venom (melded)
Armour
 g - a +3 buckler (melded)
Jewellery
 u - an amulet of guardian spirit (around neck)
Wands
 m - a wand of polymorph (17)
 s - a wand of acid (6)
 y - a wand of clouds (3)
 z - a wand of scattershot (7)
Scrolls
 a - 5 scrolls of remove curse
 h - 6 scrolls of teleportation
 i - a scroll of fear {unknown}
 k - a scroll of random uselessness {unknown}
 o - a scroll of enchant armour
 r - a scroll of enchant weapon
 t - a scroll of noise {unknown}
 x - a scroll of magic mapping {unknown}
 A - a scroll of amnesia
 C - a scroll of holy word {unknown}
Potions
 c - 2 potions of lignification
 f - a potion of berserk rage
 n - 2 potions of flight
 p - a potion of haste
 v - 2 potions of mutation
 w - a potion of curing
 D - a potion of brilliance {unknown}
Comestibles
 b - 10 rations


   Skills:
 + Level 7.1 Fighting
 - Level 3.2 Dodging
 - Level 1.7 Stealth
 - Level 4.0 Shields
 - Level 2.3 Spellcasting
 + Level 8.3 Summonings
 * Level 8.0 Transmutations


You had 3 spell levels left.
You knew the following spells:

 Your Spells              Type           Power        Failure   Level  Hunger
a - Summon Small Mammal   Summ           ####         3%          1    #......
b - Call Imp              Summ           ####....     4%          2    ##.....
c - Call Canine Familiar  Summ           ####....     7%          3    ###....
d - Spider Form           Tmut/Pois      ###.......   24%         3    ###....

Your spell library contained the following spells:

 Spells                   Type           Power        Failure   Level  Hunger
 Beastly Appendage        Tmut           ####..       4%          1    #......
 Sticks to Snakes         Tmut           ####....     4%          2    ##.....
 Summon Guardian Golem    Hex/Summ       ###.....     22%         3    ###....
 Blade Hands              Tmut           ####......   36%         5    ######.
 Summon Ice Beast         Ice/Summ       ###.....     50%         4    #####..
 Summon Lightning Spire   Summ/Air       ###.....     50%         4    #####..
 Ice Form                 Ice/Tmut       ###.....     52%         4    #####..


Dungeon Overview and Level Annotations

Branches:
Dungeon (8/15)             Temple (1/1) D:6            Lair (0/6) D:8

Altars:
Ashenzari
Cheibriados
Dithmenos
Fedhas
Gozag
Nemelex Xobeh
Ru
Trog
Xom
Yredelemnul

Annotations:
D:2 1 runed translucent door, Crazy Yiuf


Innate Abilities, Weirdness & Mutations

((You can breathe blasts of fire.))
((Your fiery red scales are hard. (AC +7)))
You cannot fit into any form of body armour.
((Your flesh is heat resistant. (rF+)))
((You are cold-blooded and may be slowed by cold attacks.))
You are resistant to hostile enchantments. (MR+)
Your muscles are strong. (Str +2)


Message History

You hit the death yak but do no damage.
The death yak is lightly wounded.
Your transformation is almost over.
The death yak misses you.
You barely miss the death yak.
The death yak is moderately wounded.
The death yak misses you.
You feel better. The death yak gores you!!
* * * LOW HITPOINT WARNING * * *
A red film seems to cover your vision as you go berserk!
You feel yourself moving faster!
You feel mighty! The death yak misses you.
You hit the death yak.
The death yak looks as sick as possible!
The death yak is moderately wounded.
You bite the death yak!
The death yak looks as sick as possible!
The death yak is heavily wounded.
The death yak gores you!
You die...
Your body rises from the dead as a mindless zombie.

#########.###.#
####.Y..5.##.(##.#
#....####.###.##.#
#.#######.# #.##.#
#.#.[...#.# #..#.#
#####.#.###.#Y# ##.#5#
#..(#.#.#<..#.# #...#
#.#.#Y#.#####.# #..##
#.#.#s#.#...#5# #.Y##
#.#)###.#.#.#)# #(..#
#.#.)...#.#.#.# #.#.#
#.#######.#.#.####.#..
#.........#.#....Y.##.
###########.#########.
#.[..[).# #. #######.#
## #.# #


You could see a death yak.

Vanquished Creatures
  A death yak (D:8)
  A water moccasin (D:7)
  2 orc warriors
  4 sky beasts
  A necrophage (D:8)
  2 ogres (D:5)
  A centaur (D:8)
  A big kobold (D:8)
  4 bullfrogs
  2 howler monkeys (D:8)
  5 crimson imps
  6 orc priests
  A gnoll shaman (D:7)
  5 hounds
  An iguana (D:7)
  A centaur skeleton (D:8)
  7 orc wizards
  3 worker ants
  2 hound skeletons
  11 gnolls
  A howler monkey skeleton (D:5)
  2 adders
  2 oozes
  2 worms (D:3)
  3 dart slugs
  A leopard gecko (D:7)
  19 orcs
  6 bats
  5 giant cockroaches
  5 hobgoblins
  9 jackals
  A ball python (D:1)
  4 frilled lizards
  7 goblins
  8 kobolds
  A leopard gecko zombie (D:6)
  3 rats
140 creatures vanquished.

Vanquished Creatures (collateral kills)
  Sigmund (D:2)
  An ogre (D:5)
  An orc priest (D:4)
  2 orc wizards
  Jessica (D:2)
  A worker ant (D:4)
  5 gnolls (D:3)
  4 adders (D:2)
  A worm (D:3)
  A leopard gecko (D:3)
  5 orcs
  A goblin (D:3)
  2 hobgoblins (D:1)
  A jackal (D:3)
  A kobold (D:1)
  A rat (D:1)
29 creatures vanquished.

Vanquished Creatures (others)
  An orc zombie (D:7)
1 creature vanquished.

Grand Total: 170 creatures vanquished

Notes
Turn   | Place    | Note
-------+----------+-------------------------------------------
     0 | D:1      | Nattfarinn the Draconian Summoner began the quest for the
                  | Orb.
     0 | D:1      | Reached XP level 1. HP: 14/14 MP: 3/3
   304 | D:1      | Reached skill level 1 in Fighting
   304 | D:1      | Reached XP level 2. HP: 11/23 MP: 5/5
   308 | D:1      | Learned a level 2 spell: Call Imp
  1419 | D:2      | Reached XP level 3. HP: 18/28 MP: 6/6
  1444 | D:2      | HP: 1/28 [poisoned by an adder]
  1779 | D:2      | Reached skill level 1 in Shields
  1994 | D:2      | Reached XP level 4. HP: 28/36 MP: 4/7
  2081 | D:2      | Noticed Sigmund
  2468 | D:1      | Learned a level 3 spell: Call Canine Familiar
  2523 | D:2      | Found a blossoming altar of Fedhas.
  2726 | D:2      | Noticed Jessica
  2735 | D:2      | Killed Jessica
  3229 | D:2      | Gained mutation: Your muscles are strong. (Str +2) [potion
                  | of mutation]
  3229 | D:2      | Gained mutation: You are resistant to hostile enchantments.
                  | (MR+) [potion of mutation]
  3249 | D:2      | Reached XP level 5. HP: 22/41 MP: 1/8
  3542 | D:2      | Killed Sigmund
  3542 | D:2      | Reached skill level 5 in Summonings
  3674 | D:2      | Found a runed translucent door.
  3675 | D:2      | Noticed Crazy Yiuf
  4255 | D:3      | Found a shadowy altar of Dithmenos.
  4281 | D:3      | HP: 1/42 [gnoll/+0 club (8)]
  4286 | D:3      | HP: 1/42 [bat (1)]
  4294 | D:3      | Reached XP level 6. HP: 7/50 MP: 9/9
  6412 | D:4      | Found Cove's Jewellery Emporium.
  6935 | D:5      | Entered Level 5 of the Dungeon
  6971 | D:5      | Learned a level 3 spell: Spider Form
  7008 | D:5      | Your scales start taking on a fiery red colour.
  7008 | D:5      | Reached XP level 7. HP: 57/57 MP: 4/10
  7008 | D:5      | Gained mutation: Your flesh is heat resistant. (rF+) [Red
                  | Draconian growth]
  7615 | D:5      | Found a bloodstained altar of Trog.
  7664 | D:5      | Reached skill level 1 in Transmutations
  8619 | D:6      | Reached XP level 8. HP: 22/67 MP: 2/11
  8890 | D:6      | Found a staircase to the Ecumenical Temple.
  8916 | Temple   | Entered the Ecumenical Temple
  8972 | Temple   | Became a worshipper of Yredelemnul the Dark
  9049 | D:6      | Found an opulent altar of Gozag.
  9617 | D:7      | Reached skill level 5 in Fighting
 10038 | D:7      | Reached skill level 5 in Transmutations
 10416 | D:7      | HP: 3/70 [iguana (9)]
 10723 | D:7      | Reached XP level 9. HP: 68/75 MP: 12/12
 10885 | D:7      | Reached * piety under Yredelemnul
 11586 | D:8      | Noticed a death yak
 11588 | D:8      | Noticed a death yak
 11591 | D:8      | Noticed a death yak
 11603 | D:8      | Noticed a death yak
 11603 | D:8      | Noticed a death yak
 11606 | D:8      | Noticed a death yak
 12154 | D:8      | Found a staircase to the Lair.
 12572 | D:8      | Killed a death yak
 12990 | D:7      | Slain by a death yak

Levels and vault maps discovered:
D:1:      dpeg_arrival_arbitrary_b, layout_rooms, dk_noncrumbling_2
D:2:      layout_basic, first_ration, fedhas_altar_3, uniq_sigmund,
          uniq_jessica, uniq_crazy_yiuf_cottage
D:3:      layout_loops_cross, nicolae_dithmenos_shadow_blocks
D:4:      layout_loops_ring, serial_shops, shop_statue, minmay_box_of_dots
D:5:      layout_basic, lemuel_coloured_pillars_altar, minmay_strange_pillars
D:6:      layout_basic, minmay_temple_entry_glass, serial_glass,
          glass_columns_b, glass_columns_a, grunt_gozag_statues
D:7:      layout_basic
D:8:      layout_basic, dpeg_lair_monsters
Temple:   roderic_octagonal_lattice_temple

Skill      XL: |  1  2  3  4  5  6  7  8  9 |
---------------+----------------------------+-----
Fighting       | 1 2 3 4 5 7 |  7.1
Dodging        | 2 3 |  3.2
Shields        | 1 2 3 4 |  4.0
Summonings     | 5 6 7 8 |  8.3
Transmutations | 3 6 8 |  8.0
Stealth        | |  1.7
Spellcasting   | |  2.3

Action                   |  1- 3 |  4- 6 |  7- 9 || total
-------------------------+-------+-------+-------++-------
Melee: Unarmed           |    70 |       |    45 ||   115
       Tailslap          |    18 |    27 |    70 ||   115
       Short sword       |   143 |    36 |       ||   179
       Dagger            |       |   210 |   494 ||   704
       Halberd           |       |     7 |       ||     7
 Cast: Summon Small Mamm |     7 |       |       ||     7
       Call Imp          |    11 |    19 |    13 ||    43
       Call Canine Famil |       |    23 |    13 ||    36
       Spider Form       |       |       |     7 ||     7
Invok: Animate Remains   |       |       |     1 ||     1
 Abil: Breathe Fire      |       |       |     2 ||     2
  Use: Potion            |     2 |     2 |     4 ||     8
       Scroll            |       |     8 |     7 ||    15
 Stab: Distracted        |     2 |     1 |       ||     3
       Sleeping          |     1 |     4 |     1 ||     6
  Eat: Chunk             |     3 |    17 |    18 ||    38
       Ration            |       |     1 |     2 ||     3
Armor: Skin              |    74 |    79 |    91 ||   244
Dodge: Dodged            |   140 |   144 |   253 ||   537
Block: Buckler           |    17 |    31 |   145 ||   193

Table legend:
 A = Non-vault XP
 B = Vault XP
 C = Vault XP percentage of total XP
 D = Non-vault monster count
 E = Vault monster count
 F = Vault count percentage of total count
                 A         B        C        D         E       F
            +---------+---------+-------+---------+---------+-------
      Total |    3754 |     991 |  20.9 |     165 |       4 |   2.4
            +---------+---------+-------+---------+---------+-------
        D:1 |      39 |       0 |   0.0 |      23 |       0 |   0.0
        D:2 |     152 |     145 |  48.8 |      24 |       2 |   7.7
        D:3 |     218 |       0 |   0.0 |      33 |       0 |   0.0
        D:4 |      77 |       1 |   1.3 |       6 |       1 |  14.3
        D:5 |     633 |       0 |   0.0 |      15 |       0 |   0.0
        D:6 |     643 |       0 |   0.0 |      13 |       0 |   0.0
        D:7 |    1297 |       0 |   0.0 |      37 |       0 |   0.0
        D:8 |     695 |     845 |  54.9 |      14 |       1 |   6.7
            +---------+---------+-------+---------+---------+-------
